 Dungeon Crawl Stone Soup version 0.21-a0-286-g6fcecc0 (webtiles) character file.

98 tidbits the Grave Robber (level 4, -2/33 HPs)
             Began as a Draconian Necromancer on Sept 25, 2017.
             Shot with a stone by a goblin (4 damage)
             ... on level 2 of the Dungeon.
             The game lasted 00:08:27 (1571 turns).

tidbits the Grave Robber (Draconian Necromancer)    Turns: 1571, Time: 00:08:28

Health: -2/33      AC:  5    Str: 10    XL:     4   Next: 44%
Magic:  2/8        EV: 12    Int: 16    God:
Gold:   54         SH:  0    Dex: 12    Spells: 1/9 levels left

rFire    + . .     SeeInvis .   a - book of Necromancy
rCold    + . .     Gourm    .   (no shield)
rNeg     . . .     Faith    +   (armour unavailable)
rPois    .         Spirit   .   (helmet restricted)
rElec    .         Reflect  .   j - scarf {rC+ rF+}
rCorr    .         Harm     .   (no gloves)
MR       .....                  (no boots)
Stlth    +++.......             r - amulet of faith (curse)
HPRegen  0.11/turn              l - ring of stealth
MPRegen  0.11/turn              (no ring)

@: no status effects
A: unfitting armour, cold-blooded, AC +5
a: no special abilities


You were on level 2 of the Dungeon.
You were not hungry.

You visited 1 branch of the dungeon, and saw 3 of its levels.

You collected 54 gold pieces.

Inventory:

Hand Weapons
 c - a +0 short sword
 k - a +0 club
Missiles
 d - 14 bolts
Armour
 j - a scarf of resistance (worn)
   (You found it on level 1 of the Dungeon)
 C - a +0 cloak
Jewellery
 l - a ring of stealth (left hand)
   (You found it on level 2 of the Dungeon)
 r - a cursed amulet of faith (around neck)
   (You found it on level 3 of the Dungeon)
Scrolls
 e - a scroll of recharging {unknown}
 f - a scroll of amnesia {unknown}
 h - a scroll of magic mapping {unknown}
 o - a scroll of remove curse {unknown}
 s - a scroll of blinking {unknown}
Potions
 g - 2 potions of curing {unknown}
 i - a potion of haste {unknown}
 m - 2 potions of might {unknown}
 n - a potion of heal wounds {unknown}
 p - 2 potions of resistance {unknown}
 q - a potion of flight {unknown}
 t - a potion of ambrosia {unknown}
Books
 a - a book of Necromancy (in hand)

   Spells                             Type                      Level
   a - Pain                           Necromancy                   1
   b - Animate Skeleton               Necromancy                   1
   c - Vampiric Draining              Necromancy                   3
   d - Regeneration                   Charms/Necromancy            3
   e - Animate Dead                   Necromancy                   4
   f - Control Undead                 Necromancy                   4
Comestibles
 b - a bread ration
 u - 2 chunks of flesh


   Skills:
 - Level 1.7 Dodging
 - Level 1.7 Stealth
 + Level 3.0 Spellcasting
 * Level 5.3 Necromancy


You had one spell level left.
You knew the following spells:

 Your Spells              Type           Power        Failure   Level  Hunger
a - Pain                  Necr           ###.         1%          1    #......
n - Animate Skeleton      Necr           N/A          1%          1    #......
r - Regeneration          Chrm/Necr      ##........   19%         3    ###....
v - Vampiric Draining     Necr           ###.......   6%          3    ###....


Dungeon Overview and Level Annotations

Branches:
Dungeon (3/15)

Altars:


Innate Abilities, Weirdness & Mutations

Your plain brown scales are hard. (AC +5)
You cannot fit into any form of body armour.
You are cold-blooded and may be slowed by cold attacks.


Message History

Press: ? - help, Shift-Dir - straight line, f - gnoll
Aim: a gnoll, wielding a whip (chance to defeat MR: 84%)
The gnoll writhes in agony!
The gnoll hits you with a whip.
Casting: Pain
Confirm with . or Enter, or press ? or * to list all spells.
Aiming: Pain
Press: ? - help, Shift-Dir - straight line, f/p - gnoll
Aim: a gnoll, wielding a whip (moderately wounded, chance to defeat MR: 84%)
The gnoll writhes in agony!
The gnoll hits you but does no damage.
Casting: Pain
Confirm with . or Enter, or press ? or * to list all spells.
Aiming: Pain
Press: ? - help, Shift-Dir - straight line, f/p - gnoll
Aim: a gnoll, wielding a whip (severely wounded, chance to defeat MR: 84%)
The gnoll writhes in agony!
You kill the gnoll!
Things that are here:
a whip; a gnoll corpse
Casting: Pain
Confirm with . or Enter, or press ? or * to list all spells.
You don't have enough magic to cast that spell.
Casting: Pain
Confirm with . or Enter, or press ? or * to list all spells.
You don't have enough magic to cast that spell.
Things that are here:
a whip; a gnoll corpse
Casting: Pain
Confirm with . or Enter, or press ? or * to list all spells.
You attempt to give life to the dead...
Before your eyes, flesh is ripped from the corpse!
The dead are walking!
u - 2 chunks of flesh You swap places.
There is an open door here.
A worm comes into view.
There is an open door here.
The worm bites you.
A kobold comes into view. It is wielding a whip.
Casting: Animate Skeleton
Confirm with . or Enter, or press ? or * to list all spells.
Aiming: Pain
Press: ? - help, Shift-Dir - straight line, f - kobold
Aim: a kobold, wielding a whip and wearing a ring mail (hasn't noticed you, chance to defeat MR: 89%)
The kobold shouts!
The kobold writhes in agony!
You hear a shout!
Casting: Pain
Confirm with . or Enter, or press ? or * to list all spells.
Aiming: Pain
Press: ? - help, Shift-Dir - straight line, f/p - kobold
Aim: a kobold, wielding a whip and wearing a ring mail (moderately wounded, chance to defeat MR: 89%)
The kobold writhes in agony!
You kill the kobold!
A hobgoblin comes into view.
There is a large open door here.
Things that are here:
a whip; a ring mail; a kobold corpse The hobgoblin shouts!
There is a large open door here.
Casting: Pain
Confirm with . or Enter, or press ? or * to list all spells.
Aiming: Pain
Press: ? - help, Shift-Dir - straight line, f - hobgoblin
Aim: a hobgoblin (chance to defeat MR: 89%)
The hobgoblin writhes in agony!
Casting: Pain
Confirm with . or Enter, or press ? or * to list all spells.
Aiming: Pain
Press: ? - help, Shift-Dir - straight line, f/p - hobgoblin
Aim: a hobgoblin (lightly wounded, chance to defeat MR: 89%)
The hobgoblin barely resists.
The hobgoblin hits you but does no damage.
The hobgoblin barely misses you. The hobgoblin hits you.
* * * LOW HITPOINT WARNING * * *
Casting: Pain
Confirm with . or Enter, or press ? or * to list all spells.
Aiming: Pain
Press: ? - help, Shift-Dir - straight line, f/p - hobgoblin
Aim: a hobgoblin (lightly wounded, chance to defeat MR: 89%)
The hobgoblin barely resists.
Your gnoll skeleton hits the worm with a whip.
The worm bites your gnoll skeleton.
The hobgoblin hits you but does no damage.
Your gnoll skeleton hits the worm with a whip.
A kobold comes into view. It is wielding a dagger.
The kobold shouts!
The goblin shouts!
The goblin shoots a stone.
The stone barely misses you.
You see here a stone.
The goblin shoots a stone.
The stone hits you!
* * * LOW HITPOINT WARNING * * *
You see here a stone.
The goblin unwields an uncursed hunting sling.
The goblin hits you.
* * * LOW HITPOINT WARNING * * *
There is a stone staircase leading up here.
The goblin wields an uncursed hunting sling.
The goblin shoots a stone.
The stone hits you.
You die...

#....##.#..##.# #.#
#....##.# #.#
#######.# #.# ##(#
#.# #.########.K#
#.# #......≈###.##
#.# .
#.....≈≈##.g.# #.#
. #.....≈≈##g<.##
#.# ..
#.....≈.''..@.# #.#
....#.....≈≈##..#.#
#.#
....#.....≈≈#####.#
#.# ...##((...≈≈#
.# #.#
....#.####### ..
#.# #.#(..#.# #.#
#.# ##.#.#.#.# ..
#.# ...#.#.#.#####
#. #.#
.........#...#
#.###.#


You could see a hobgoblin, a goblin and a kobold.

Vanquished Creatures
  2 gnolls
  2 adders (D:2)
  2 dart slugs
  2 orcs (D:3)
  4 giant cockroaches
  7 goblins
  4 hobgoblins
  10 jackals
  6 kobolds
  2 ball pythons (D:1)
  5 bats
  3 frilled lizards
  5 rats
54 creatures vanquished.

Notes
Turn   | Place    | Note
-------+----------+-------------------------------------------
     0 | D:1      | tidbits the Draconian Necromancer began the quest for the Orb.
     0 | D:1      | Reached XP level 1. HP: 14/14 MP: 3/3
   189 | D:1      | Reached XP level 2. HP: 19/20 MP: 3/5
   243 | D:1      | Learned a level 1 spell: Animate Skeleton
   735 | D:2      | Reached XP level 3. HP: 7/26 MP: 1/6
   740 | D:2      | Learned a level 3 spell: Vampiric Draining
  1114 | D:2      | Reached skill level 5 in Necromancy
  1283 | D:3      | Reached XP level 4. HP: 15/33 MP: 1/8
  1288 | D:3      | Learned a level 3 spell: Regeneration
  1464 | D:3      | Reached skill level 3 in Spellcasting
  1569 | D:2      | HP: 2/33 [goblin (2)]
  1571 | D:2      | Shot with a stone by a goblin

Vault maps used:
D:1:      eino_arrival_tree_alley, grunt_decor_clamped,
          wad_floor_pattern_untrapped, minmay_misc_feat_cross,
          minmay_strange_pillars, hangedman_decor_clover_reticule
D:2:      minmay_goblin_outpost
D:3:      fedhas_altar_3

Skill      XL: |  1  2  3  4 |
---------------+-------------+-----
Necromancy     | 5 |  5.3
Spellcasting   | 3 |  3.0
Dodging        | |  1.7
Stealth        | |  1.7

Action                   |  1- 3 |  4- 6 || total
-------------------------+-------+-------++-------
Melee: Unarmed           |     1 |       ||     1
       Short sword       |    15 |     3 ||    18
       Club              |     4 |       ||     4
 Cast: Pain              |    78 |    26 ||   104
       Animate Skeleton  |     4 |     1 ||     5
       Vampiric Draining |     1 |       ||     1
       Regeneration      |       |     1 ||     1
 Stab: Sleeping          |     1 |       ||     1
  Eat: Chunk             |     4 |     1 ||     5
Armor: Skin              |    10 |     4 ||    14
Dodge: Dodged            |    31 |     8 ||    39

Table legend:
 A = Spawn XP
 B = Non-spawn XP
 C = Spawn XP percentage of total XP
 D = Spawn monster count
 E = Non-spawn monster count
 F = Spawn count percentage of total count
 G = Total turns spent on level
                    A         B        C        D         E        F      G
               +---------+---------+-------+---------+---------+-------+---------
         Total |       0 |     141 |   0.0 |       0 |      54 |   0.0 |  1571
               +---------+---------+-------+---------+---------+-------+---------
           D:1 |       0 |      35 |   0.0 |       0 |      21 |   0.0 |   726
           D:2 |       0 |      66 |   0.0 |       0 |      19 |   0.0 |   564
           D:3 |       0 |      40 |   0.0 |       0 |      14 |   0.0 |   281
               +---------+---------+-------+---------+---------+-------+---------

Table legend:
 A = Turns spent in this place as a percentage of turns spent in the entire game.
 B = Non-inter-level travel turns spent in this place as a percentage of non-inter-level travel turns spent in the entire game.
 C = Inter-level travel turns spent in this place as a percentage of turns spent in this place.
 D = Turns resting spent in this place as a percentage of non-inter-level travel turns spent in this place.
 E = Turns spent auto-exploring this place as a percentage of non-inter-level travel turns spent in this place.
 F = Non-inter-level travel turns spent in this place divided by the number of levels of this place that you've seen.
                   A       B       C       D       E      F
               +-------+-------+-------+-------+-------+----------------------
         Total | 100.0 | 100.0 |   0.5 |   0.0 |   0.0 | 521.0
       Dungeon | 100.0 | 100.0 |   0.5 |   0.0 |   0.0 | 521.0
               +-------+-------+-------+-------+-------+----------------------

Table legend:
 A = Kills in this place as a percentage of kills in entire the game.
 B = Kills by you in this place as a percentage of kills by you in the entire game.
 C = Kills by friends in this place as a percentage of kills by friends in the entire game.
 D = Other kills in this place as a percentage of other kills in the entire game.
 E = Experience gained in this place as a percentage of experience gained in the entire game.
 F = Experience gained in this place divided by the number of levels of this place that you have seen.
                   A       B       C       D       E      F
               +-------+-------+-------+-------+-------+----------------------
         Total | 100.0 | 100.0 |   N/A |   N/A | 100.0 |  47.0
       Dungeon | 100.0 | 100.0 |   N/A |   N/A | 100.0 |  47.0
               +-------+-------+-------+-------+-------+----------------------

Vault maps used:
D:1:      eino_arrival_tree_alley, grunt_decor_clamped,
          wad_floor_pattern_untrapped, minmay_misc_feat_cross,
          minmay_strange_pillars, hangedman_decor_clover_reticule
D:2:      minmay_goblin_outpost
D:3:      fedhas_altar_3
